Map: Pillars of Gold LE

Players

RagnaroK (SHIN)

  • Race: Zerg Zerg
  • Spawn Location: 7:00

Cure - Winner!

  • Race: Terran Terran
  • Spawn Location: 1:00

Event: IEM Katowice 2021

VOD

Have the link to the VOD?

Description

Time

  • Played on: Feb. 25, 2021, 9:16 a.m.
  • Length: 7:08

All games in this series

Show
View Real Time Build Order
Export as new Build Order

RagnaroK Zerg 

Build Orders: Hatch First 

Get SALT Encoding   

  12  0:00  Drone  
  13  0:12  Overlord  
  13  0:17  Drone  
  14  0:30  Drone x2  
  14  0:35  Drone  
  17  0:52  Hatchery  
  17  0:55  Drone  
  17  0:59  Drone  
  18  1:13  Spawning Pool  
  18  1:15  Drone  
  18  1:18  Drone  
  19  1:28  Drone  
  20  1:41  Extractor  
  19  1:51  Drone  
  20  2:04  Queen x2  
  20  2:05  Zergling x6  
  27  2:17  Overlord  
  27  2:19  Drone  
  28  2:33  Hatchery  
  28  2:35  Drone x2  
  28  2:36  Drone  
  31  2:37  Drone  
  31  2:48  Queen  
  33  2:51  Drone  
  33  2:56  Metabolic Boost  
  34  3:00  Overlord  
  34  3:02  Drone  
  36  3:05  Drone  
  36  3:19  Drone x5  
  41  3:24  Overlord, Drone  
  42  3:29  Queen  
  44  3:40  Drone, Roach Warren  
  44  3:44  Drone x3  
  44  3:47  Drone x2  
  49  3:51  Overlord  
  49  3:56  Queen  
  49  3:59  Drone  
  49  4:01  Extractor  
  51  4:03  Extractor  
  51  4:05  Lair  
  51  4:08  Drone  
  51  4:09  Drone  
  52  4:14  Drone x3  
  55  4:18  Overlord  
  55  4:21  Zergling x4  
  55  4:23  Drone  
  58  4:26  Pneumatized Carapace  
  58  4:28  Drone  
  58  4:29  Drone  
  60  4:34  Overlord  
  60  4:36  Spore Crawler  
  59  4:39  Spore Crawler  
  59  4:42  Spore Crawler  
  59  4:44  Overlord  
  57  4:48  Overlord  
  57  4:51  Roach x3  
  63  4:54  Roach  
  63  4:58  Roach  
  63  4:59  Roach  
  69  5:01  Roach  
  69  5:03  Roach  
  69  5:06  Overseer  
  72  5:11  Zergling x6  
  75  5:21  Zergling x12  
  75  5:25  Overlord  
  75  5:27  Overlord  
  81  5:30  Ravager x3  
  81  5:32  Zergling x2  
  85  5:37  Zergling x6  
  85  5:40  Overlord  
  85  5:41  Ravager  
  89  5:45  Zergling x2  
  89  5:46  Zergling x4  
  92  5:51  Overseer  
  92  5:56  Zergling x2  
  95  5:57  Zergling x12  
  95  6:02  Zergling x6  
  97  6:07  Overseer  
  97  6:10  Ravager x3  
  95  6:13  Zergling x6  
  95  6:15  Zergling x2  
  92  6:25  Zergling x4  
  89  6:29  Zergling x2  
  76  6:35  Zergling x4  
  76  6:36  Zergling x2  
  59  6:44  Drone x2  
  62  6:48  Drone  
  63  6:55  Drone x2  
Show
View Real Time Build Order
Export as new Build Order

Cure Terran - Winner!

Build Orders: Reaper Expand, Hellion Banshee 

Get SALT Encoding   

  12  0:00  SCV  
  13  0:12  SCV  
  14  0:17  Supply Depot  
  14  0:24  SCV  
  15  0:39  SCV  
  15  0:40  Barracks  
  16  0:44  Refinery  
  16  0:51  SCV  
  17  1:03  SCV  
  18  1:15  SCV  
  19  1:27  Orbital Command  
  19  1:28  Reaper  
  20  1:42  Command Center  
  20  1:51  Supply Depot  
  20  1:54  SCV  
  21  2:00  Marine  
  22  2:06  SCV  
  23  2:14  Factory  
  23  2:18  SCV  
  23  2:22  Barracks Reactor  
  24  2:30  SCV  
  25  2:42  SCV  
  25  2:43  Command Center  
  26  2:54  Orbital Command  
  26  2:55  SCV  
  27  3:05  Starport  
  27  3:07  SCV  
  28  3:15  Hellion x2  
  32  3:20  Refinery  
  32  3:21  SCV x2  
  32  3:24  Barracks Tech Lab  
  34  3:33  SCV x2  
  36  3:37  Hellion x2  
  40  3:45  SCV x2  
  42  3:49  Banshee, Marine  
  46  3:56  Orbital Command  
  46  3:58  SCV x2  
  48  4:03  Cloaking Field  
  48  4:08  Orbital Command  
  48  4:10  SCV x2, Supply Depot  
  48  4:12  Hellion  
  48  4:13  Hellion  
  48  4:15  Barracks Tech Lab  
  54  4:22  SCV x2  
  56  4:33  Banshee  
  56  4:34  SCV x2, Supply Depot  
  56  4:36  Marine  
  56  4:38  SCV  
  63  4:46  SCV x2  
  63  4:49  Barracks  
  63  4:50  SCV  
  63  4:51  Barracks  
  66  4:53  Factory Reactor  
  66  4:54  Marine, Refinery  
  66  4:55  Refinery  
  66  4:57  Supply Depot  
  66  4:58  SCV x2  
  69  5:02  SCV  
  69  5:10  SCV x2, Orbital Command  
  69  5:11  Marine  
  69  5:12  Engineering Bay  
  69  5:13  Engineering Bay  
  72  5:20  Stimpack  
  72  5:22  SCV x2, Supply Depot  
  74  5:29  Marine  
  74  5:34  SCV  
  74  5:35  SCV  
  77  5:37  Starport Reactor  
  77  5:42  SCV, Marine x2  
  78  5:44  Marine x2  
  78  5:47  SCV x2, Marine  
  85  5:50  Siege Tank  
  87  6:07  Supply Depot  
  77  6:18  Marine x2  
  77  6:20  Marine x2  
  77  6:21  Marine  
  77  6:22  Medivac  
  77  6:23  Medivac  
  50  6:36  Marine  
  50  6:38  Marine x2  
  50  6:39  Orbital Command  
  49  6:45  Marine x2  
  48  6:50  SCV  

Tags
 
Add a new tag
Caveats
  • Supply blocks, unpowered buildings, or Contaminate may cause inaccurate times.
  • Supply counts are checked every 10 seconds.